 Dungeon Crawl Stone Soup version 0.17-b1-22-g5359643 (webtiles) character file.

138 Kloppie the Covered (level 5, -7/41 HPs)
             Began as a Demonspawn Fighter on Nov 4, 2015.
             Mangled by an ogre
             ... wielding a +0 giant club
              (24 damage)
             ... on level 4 of the Dungeon.
             The game lasted 00:04:43 (2738 turns).

Kloppie the Covered (Demonspawn Fighter)            Turns: 2738, Time: 00:04:43

Health: -7/41      AC:  9    Str: 17    XL:     5   Next: 1%
Magic:  5/5        EV:  8    Int:  9    God:
Gold:   167        SH:  8    Dex: 13    Spells: 0 memorised, 4 levels left

rFire  . . .     SeeInvis .     a - +0 long sword
rCold  . . .     Clarity  .     b - +0 scale mail
rNeg   . . .     SustAt   .     c - +0 shield
rPois  .         Gourm    .     (no helmet)
rElec  .         Spirit   .     s - +0 cloak
rCorr  .         Warding  .     (no gloves)
rMut   .         Stasis   .     q - +0 pair of boots
MR     .....                    (no amulet)
Stlth  ..........               (no ring)
                                (no ring)

@: not resistant to hostile enchantments, extremely unstealthy
A: talons 1, repulsion field 1, powered by death 1, powered by pain 1
a: no special abilities


You were on level 4 of the Dungeon.
You were hungry.

You visited 1 branch of the dungeon, and saw 4 of its levels.

You collected 167 gold pieces.

Inventory:

Hand Weapons
 a - a +0 long sword (weapon)
Armour
 b - a +0 scale mail (worn)
 c - a +0 shield (worn)
 q - a +0 pair of boots (worn)
 s - a +0 cloak (worn)
Jewellery
 k - a cursed amulet of inaccuracy {unknown}
 m - an uncursed ring of stealth {unknown}
Scrolls
 i - a scroll of identify {unknown}
 j - 2 scrolls of enchant weapon {unknown}
 l - 2 scrolls of fear {unknown}
 o - a scroll of noise {unknown}
 p - 2 scrolls of remove curse {unknown}
 u - 3 scrolls of magic mapping {unknown}
Potions
 d - a potion of might
 f - 2 potions of brilliance {unknown}
 h - 2 potions of curing {unknown}
 r - a potion of mutation {unknown}
 v - a potion of magic {unknown}
Comestibles
 e - 3 bread rations
 g - 3 meat rations
 n - 2 fruits
 t - a royal jelly


   Skills:
 - Level 3.0 Fighting
 + Level 3.5 Long Blades
 + Level 4.1 Armour
 - Level 2.6 Shields


You had 4 spell levels left.
You didn't know any spells.

Dungeon Overview and Level Annotations

Branches:
Dungeon (4/15)
 Temple: D:4-7

Altars:


Innate Abilities, Weirdness & Mutations

You have sharp toenails.
You are surrounded by a mild repulsion field (EV +2).
You regenerate a little health from kills.
You sometimes gain a little power by taking damage.


Message History

The ogre is moderately wounded.
The ogre hits you but does no damage.
You hit the ogre.
The ogre is moderately wounded.
The ogre hits you with a giant club!
* * * LOW HITPOINT WARNING * * *
You barely miss the ogre.
The ogre is moderately wounded.
You block the ogre's attack.
You hit the ogre.
The ogre is heavily wounded.
The ogre barely misses you.
You hit the ogre.
The ogre is heavily wounded.
The ogre barely misses you.
You hit the ogre.
The ogre is heavily wounded.
The ogre hits you with a giant club!!
Ouch! That really hurt!
You die...

#..........# ###
#.......##.####..
#..<.....#...<#.#
#.######.######.# #
.............#.#.####.
.....##.####.#.#......
.... #...#<...........
... #...#.#.#.######
.. #...#.#.#@# .
#...#.#.#O#
#.....#.#.#
#...#.#.#.#
#.#.#.#.#)#
#.#.#.#.#.. #.#.#.#
### #...#.# ###.#


You could see an ogre.

Vanquished Creatures
  Crazy Yiuf (D:2)
  2 adders (D:3)
  2 oozes (D:1)
  4 worms
  7 giant geckos
  An orc (D:3)
  10 bats
  9 giant cockroaches
  8 goblins
  4 hobgoblins (D:1)
  A ball python (D:1)
  5 giant newts
  5 kobolds
  A quokka (D:3)
  A quokka skeleton (D:3)
  11 rats
72 creatures vanquished.

Notes
Turn   | Place    | Note
--------------------------------------------------------------
     0 | D:1      | Kloppie the Demonspawn Fighter began the quest for the Orb.
     0 | D:1      | Reached XP level 1. HP: 18/18 MP: 1/1
   150 | D:1      | Gained mutation: You regenerate a little health from kills. [demonic ancestry]
   150 | D:1      | Reached XP level 2. HP: 14/24 MP: 2/2
   382 | D:1      | Gained mutation: You sometimes gain a little power by taking damage. [demonic ancestry]
   382 | D:1      | Reached XP level 3. HP: 29/29 MP: 3/3
  1724 | D:2      | Noticed Crazy Yiuf
  1734 | D:2      | Killed Crazy Yiuf
  1734 | D:2      | Gained mutation: You have sharp toenails. [demonic ancestry]
  1734 | D:2      | Reached XP level 4. HP: 10/35 MP: 4/4
  2255 | D:3      | Reached skill level 4 in Armour
  2259 | D:3      | Found a faded altar to an unknown god.
  2574 | D:3      | Gained mutation: You are surrounded by a mild repulsion field (EV +2). [demonic ancestry]
  2574 | D:3      | Reached XP level 5. HP: 41/41 MP: 5/5
  2728 | D:4      | Noticed an ogre
  2738 | D:4      | Mangled by an ogre

Action                   |  1- 3 |  4- 6 || total
-------------------------+-------+-------++-------
Melee: Long sword        |   190 |   114 ||   304
  Eat: Chunk             |     2 |     4 ||     6
